 Dungeon Crawl Stone Soup version 0.21.1-1-g345015f (webtiles) character file.

3579 Shillings the Slicer (level 10, -4/72 HPs)
             Began as a Halfling Assassin on Apr 17, 2018.
             Was a Follower of Elyvilon.
             Killed by nerve-wracking pain
             ... invoked by a shadow imp
              (12 damage)
             ... on level 9 of the Dungeon.
             The game lasted 00:27:19 (11080 turns).

Shillings the Slicer (Halfling Assassin)           Turns: 11080, Time: 00:27:22

Health: -4/72      AC:  6    Str: 13    XL:     10   Next: 31%
Magic:  10/10      EV: 20    Int:  9    God:    Elyvilon [*.....]
Gold:   372        SH:  0    Dex: 22    Spells: 8/9 levels left

rFire    + + .     SeeInvis +   i - +1 dagger (holy)
rCold    + + .     Gourm    +   (shield restricted)
rNeg     . . .     Faith    .   w - +1 leather armour {rC+}
rPois    +         Spirit   .   (no helmet)
rElec    +         Reflect  .   (no cloak)
rCorr    +         Harm     .   A - +0 pair of gloves
MR       .....                  J - +0 pair of boots of the Thunderstorm {rElec rF+}
Stlth    +++.......             y - amulet of the gourmand
HPRegen  0.22/turn              t - ring of see invisible
MPRegen  0.12/turn              p - +3 ring of dexterity

@: resistant
A: small, mutation resistance 1
a: Lesser Healing, Divine Protection, Renounce Religion


You were on level 9 of the Dungeon.
You worshipped Elyvilon.
Elyvilon was aware of your devotion.
You were completely stuffed.

You visited 2 branches of the dungeon, and saw 11 of its levels.

You collected 372 gold pieces.

Inventory:

Hand Weapons
 a - a +0 falchion
 i - a +1 dagger of holy wrath (weapon)
 m - a +0 hunting sling
 D - a +0 rapier
 O - a +3 blowgun
Missiles
 e - 46 poisoned needles
 n - 58 sling bullets
 q - 2 tomahawks (quivered)
Armour
 d - a +0 cloak
 s - a scarf of spirit shield
 w - a +1 leather armour of cold resistance (worn)
 A - a +0 pair of gloves (worn)
 J - the +0 pair of boots of the Thunderstorm (worn) {rElec rF+}
   (You found it on level 6 of the Dungeon)

   It protects you from fire.
   It insulates you from electricity.
 L - a scarf of repulsion
Magical Staves
 M - an uncursed staff of conjuration
Jewellery
 l - an uncursed ring of ice
 p - a +3 ring of dexterity (right hand)
 t - a ring of see invisible (left hand)
 y - an amulet of the gourmand (around neck)
Wands
 k - a wand of iceblast (7)
 x - a wand of digging (6)
 G - a wand of enslavement (10)
 I - a wand of flame (37)
Scrolls
 c - 2 scrolls of blinking {unknown}
 f - a scroll of identify
 h - a scroll of enchant armour {unknown}
 j - 3 scrolls of remove curse
 v - a scroll of noise
 K - a scroll of magic mapping {unknown}
 N - a scroll of summoning {unknown}
Potions
 r - a potion of curing
 z - a potion of mutation {unknown}
 C - 2 potions of lignification {unknown}
 F - a potion of brilliance {unknown}
 H - a potion of haste {unknown}
Books
 b - a book of Cantrips

   Spells                             Type                      Level
   a - Confusing Touch                Hexes                        1
   b - Animate Skeleton               Necromancy                   1
   c - Summon Small Mammal            Summoning                    1
   d - Apportation                    Translocation                1
Comestibles
 g - 5 rations


   Skills:
 + Level 7.7 Fighting
 - Level 10.2 Short Blades
 - Level 4.6(5.1) Slings
 - Level 2.0(2.8) Throwing
 - Level 1.9 Armour
 - Level 7.0 Dodging
 + Level 5.3 Stealth


You had 8 spell levels left.
You knew the following spells:

 Your Spells              Type           Power        Failure   Level  Hunger
a - Apportation           Tloc           #.....       45%         1    ##.....


Dungeon Overview and Level Annotations

Branches:
Dungeon (10/15)            Temple (1/1) D:7
   Lair: D:8-11         Orc: D:9-12

Altars:
Ashenzari
Cheibriados
Elyvilon
Fedhas
Gozag
Hepliaklqana
Kikubaaqudgha
Makhleb
Nemelex Xobeh
Okawaru
Qazlal
Ru
Sif Muna
Trog
Uskayaw
Vehumet
Wu Jian
Xom
Yredelemnul
Zin
The Shining One

Annotations:
D:4 2 transporters
D:5 Edmund
D:7 Blork the orc, Eustachio


Innate Abilities, Weirdness & Mutations

You are small and have problems with some larger weapons.
You are somewhat resistant to further mutation.


Message History

* * * LOW HITPOINT WARNING * * *
A shadow imp comes into view.
The orc throws a stone.
The stone misses you.
The shadow imp shouts, "Decamp, thou peeagling hasty-witted foot-licker!"
The centaur warrior zombie barely misses you.
The centaur warrior skeleton hits you but does no damage.
The hellwing gives a chilling moan.
The wyvern skeleton bites you.
* * * LOW HITPOINT WARNING * * *
The wolf spider zombie hits you.
* * * LOW HITPOINT WARNING * * *
The wolf spider zombie bites you!
* * * LOW HITPOINT WARNING * * *
You feel better. The wyvern skeleton barely misses you.
The centaur warrior zombie hits you.
* * * LOW HITPOINT WARNING * * *
The centaur warrior skeleton closely misses you.
The shadow imp gestures at you. Pain shoots through your body!
You die... ..... ... ....8.. 8.... #...#####...P.4. ..8.. #...........8... .8..4 #........Z....P .8.8. #.........88...
PP...

####............P. .8...
#o........5<....P. .8...
#........Z@Z...P.. .P...
##+#+##........ZZo....P.
....
........................
..........≈(............
..........≈(.......#####
........)(.(.......#
........W((.########
.........(..#
............#


You could see a hellwing, a shadow imp, an orc, a wolf spider zombie, 2 centaur
warrior zombies, a wyvern skeleton and a centaur warrior skeleton.

Vanquished Creatures
  2 hippogriffs (D:10)
  A hungry ghost (D:7)
  An orc warrior (D:8)
  2 sky beasts
  3 ice beasts
  2 black bears
  3 ogres
  A necrophage (D:8)
  5 centaurs
  2 big kobolds
  2 bullfrogs (D:8)
  3 scorpions
  A wight (D:8)
  2 electric eels (D:8)
  A bullfrog zombie (D:3)
  7 crimson imps
  2 jellies
  3 quasits
  A bullfrog skeleton (D:8)
  An orc priest (D:3)
  2 hounds
  Jessica (D:3)
  4 iguanas
  2 orc wizards
  Terence (D:2)
  Natasha (thrice) (D:3)
  3 worker ants
  A hound zombie (D:8)
  A worker ant zombie (D:8)
  5 adders
  A shadow imp (D:5)
  2 oozes (D:1)
  2 worms
  A dart slug (D:1)
  2 leopard geckos
  13 orcs
  A ball python (D:8)
  6 giant cockroaches
  6 hobgoblins
  3 quokkas
  7 bats
  3 frilled lizards
  17 goblins
  A jackal zombie (D:5)
  16 kobolds
  A quokka zombie (D:8)
  4 rats
154 creatures vanquished.

Vanquished Creatures (others)
  A goblin (D:4)
1 creature vanquished.

Grand Total: 155 creatures vanquished

Notes
Turn   | Place    | Note
-------+----------+-------------------------------------------
     0 | D:1      | Shillings the Halfling Assassin began the quest for the Orb.
     0 | D:1      | Reached XP level 1. HP: 14/14 MP: 1/1
   122 | D:1      | Reached skill level 3 in Short Blades
   245 | D:1      | Reached XP level 2. HP: 19/19 MP: 2/2
   699 | D:1      | Reached skill level 4 in Short Blades
   699 | D:1      | Reached XP level 3. HP: 19/24 MP: 3/3
  1298 | D:2      | Noticed Terence
  1320 | D:2      | Killed Terence
  1320 | D:2      | Reached XP level 4. HP: 13/30 MP: 4/4
  1958 | D:2      | Reached XP level 5. HP: 32/36 MP: 3/5
  2337 | D:3      | Found a blossoming altar of Fedhas.
  2391 | D:3      | Noticed Natasha
  2408 | D:3      | Killed Natasha
  2408 | D:3      | Reached skill level 5 in Short Blades
  2571 | D:3      | Noticed Natasha
  2587 | D:3      | Killed Natasha
  3027 | D:3      | Reached XP level 6. HP: 17/42 MP: 2/6
  3030 | D:3      | Reached skill level 6 in Short Blades
  3247 | D:3      | Noticed Natasha
  3261 | D:3      | Killed Natasha
  3613 | D:3      | Noticed Jessica
  3619 | D:3      | Killed Jessica
  3619 | D:3      | Reached skill level 7 in Short Blades
  3825 | D:4      | Reached XP level 7. HP: 35/46 MP: 4/7
  4073 | D:4      | Found a transporter.
  4989 | D:4      | Found a transporter.
  5257 | D:5      | Entered Level 5 of the Dungeon
  5276 | D:5      | Noticed Edmund
  5636 | D:5      | Reached XP level 8. HP: 34/54 MP: 5/8
  6021 | D:5      | Reached skill level 5 in Fighting
  6554 | D:6      | Got a pair of transparent boots
  6560 | D:6      | Identified the cursed +0 pair of boots of the Thunderstorm {rElec rF+} (You found it on level 6 of the Dungeon)
  6893 | D:6      | Reached skill level 8 in Short Blades
  7303 | D:7      | Reached skill level 9 in Short Blades
  7303 | D:7      | Reached XP level 9. HP: 62/62 MP: 9/9
  7588 | D:7      | Found a white marble altar of Elyvilon.
  8014 | D:7      | Found a staircase to the Ecumenical Temple.
  8113 | Temple   | Entered the Ecumenical Temple
  8222 | Temple   | Became a worshipper of Elyvilon the Healer
  8295 | D:7      | Noticed Blork the orc
  8297 | D:7      | Noticed Eustachio
  8479 | D:8      | Reached skill level 5 in Dodging
  9363 | D:8      | Reached skill level 1 in Armour
  9512 | D:8      | Reached * piety under Elyvilon
  9607 | D:8      | Reached skill level 10 in Short Blades
  9697 | D:8      | Reached skill level 1 in Slings
 10265 | D:8      | Reached XP level 10. HP: 67/67 MP: 10/10
 10323 | D:8      | Noticed a two-headed ogre
 10447 | D:9      | Noticed an unseen horror
 10453 | D:10     | Entered Level 10 of the Dungeon
 10851 | D:10     | Reached skill level 5 in Stealth
 10933 | D:10     | Found a glowing golden altar of the Shining One.
 10974 | D:10     | Learned a level 1 spell: Apportation
 10980 | D:10     | Noticed a two-headed ogre
 11080 | D:9      | Killed from afar by a shadow imp

Skill      XL: |  1  2  3  4  5  6  7  8  9 10 |
---------------+-------------------------------+-----
Short Blades   | 3 4 5 7 9 10 | 10.2
Fighting       | 2 3 4 6 7 |  7.7
Dodging        | 3 4 7 |  7.0
Armour         | 1 |  1.9
Slings         | 4 |  4.6
Stealth        | 5 |  5.3
Throwing       | |  2.0

Action                   |  1- 3 |  4- 6 |  7- 9 | 10-12 || total
-------------------------+-------+-------+-------+-------++-------
Melee: Dagger            |    65 |   145 |   595 |    41 ||   846
       Rapier            |       |       |    15 |    35 ||    50
       Falchion          |       |       |       |     5 ||     5
 Fire: Hunting sling     |    30 |    38 |   116 |     3 ||   187
       Blowgun           |     2 |     4 |    26 |     1 ||    33
Throw: Tomahawk          |       |       |     2 |       ||     2
  Use: Scroll            |       |     2 |     8 |     3 ||    13
       Potion            |       |     2 |     5 |     3 ||    10
 Stab: Sleeping          |     2 |     1 |     6 |     2 ||    11
       Distracted        |       |       |     1 |       ||     1
  Eat: Chunk             |     1 |     2 |    15 |     6 ||    24
       Ration            |       |     3 |     5 |       ||     8
Armor: Robe              |     1 |       |       |       ||     1
       Leather armour    |    13 |    40 |    90 |    24 ||   167
Dodge: Dodged            |    34 |   143 |   324 |    82 ||   583
       Rpst.: Falchion   |       |       |       |     1 ||     1
